 Dungeon Crawl Stone Soup version 0.18-a0-1147-g8e8348b (webtiles) character file.

7611 st0uf the Grappler (level 10, -2/86 HPs)
             Began as a Green Draconian Transmuter on Jan 23, 2016.
             Slain by an unseen horror (7 damage)
             ... on level 10 of the Dungeon.
             The game lasted 01:04:04 (11047 turns).

st0uf the Grappler (Green Draconian Transmuter)    Turns: 11047, Time: 01:04:05

Health: -2/86      AC:  2    Str: 13    XL:     10   Next: 98%
Magic:  13/15      EV: 32    Int: 17    God:    Xom [....*.]
Gold:   692        SH:  0    Dex: 20    Spells: 4 memorised, 5 levels left

rFire  . . .     SeeInvis .       - Unarmed
rCold  . . .     Gourm    .     (armour unavailable)
rNeg   . . .     Faith    .     (shield currently unavailable)
rPois  x         Spirit   .     (helmet currently unavailable)
rElec  .         Dismiss  .     (cloak currently unavailable)
rCorr  .         Reflect  .     (gloves currently unavailable)
SustAt .         Harm     .     (boots currently unavailable)
MR     +....     Clarity  +     (no amulet)
Stlth  ++........               j - +3 ring of evasion
                                o - +4 ring of dexterity

@: spider-form, drained, somewhat resistant to hostile enchantments, unstealthy
A: (breathe noxious fumes), unfitting armour, (big wings), (horns 0), clarity,
(cold resistance 0), (fire resistance 0), magic resistance 1, (poison
resistance), robust 1, (cold-blooded), AC +7
a: End Transformation, Renounce Religion


You were on level 10 of the Dungeon.
You worshipped Xom.
You were a beloved toy of Xom.
You were hungry.
You were a venomous arachnid creature.
You visited 2 branches of the dungeon, and saw 11 of its levels.

You collected 692 gold pieces.

Inventory:

Missiles
 a - 78 arrows
 p - 51 arrows of dispersal
 H - 3 arrows of flame
 V - a throwing net (quivered)
Armour
 d - a +1 hat (melded)
Magical Staves
 R - an uncursed staff of death
Jewellery
 j - a +3 ring of evasion (right front leg)
 o - a +4 ring of dexterity (left front leg)
 E - an uncursed ring of flight
 G - an uncursed ring of ice {unknown}
 J - an uncursed ring of protection from magic {unknown}
 N - an uncursed ring of sustain attributes {unknown}
Wands
 y - a wand of random effects (14/48)
 K - a wand of cold (7/15)
Scrolls
 q - 6 scrolls of identify
 t - 2 scrolls of teleportation
 u - 2 scrolls of blinking {unknown}
 w - a scroll of enchant armour {unknown}
 z - 2 scrolls of magic mapping {unknown}
 A - 4 scrolls of noise {unknown}
 B - 4 scrolls of remove curse
 C - 2 scrolls of fear {unknown}
 F - a scroll of acquirement {unknown}
 I - 3 scrolls of amnesia {unknown}
 L - 2 scrolls of fog
 M - a scroll of recharging
 O - 2 scrolls of enchant weapon {unknown}
Potions
 e - 4 potions of curing
 f - 2 potions of cure mutation {unknown}
 h - 5 potions of lignification {unknown}
 i - 2 potions of haste {unknown}
 k - 2 potions of agility
 l - 2 potions of flight {unknown}
 n - a potion of cancellation {unknown}
 r - 6 potions of brilliance {unknown}
 x - a potion of ambrosia {unknown}
 P - a potion of invisibility
 T - a potion of heal wounds {unknown}
Books
 b - a book of Changes

   Spells                             Type                      Level
   a - Beastly Appendage              Transmutation                1
   b - Sticks to Snakes               Transmutation                2
   c - Spider Form                    Transmutation/Poison         3
   d - Ice Form                       Ice/Transmutation            4
   e - Blade Hands                    Transmutation                5
 Q - a Fen Folio

   Spells                             Type                      Level
   a - Corpse Rot                     Necromancy                   2
   b - Stone Arrow                    Conjuration/Earth            3
   c - Leda's Liquefaction            Hexes/Earth                  4
   d - Summon Forest                  Summoning/Translocation      5
   e - Hydra Form                     Transmutation                6
   f - Summon Hydra                   Summoning                    7
 U - the Reference Book on Combat Magic
   (You found it on level 9 of the Dungeon)

   Spells                             Type                      Level
   a - Sting                          Conjuration/Poison           1
   b - Throw Frost                    Conjuration/Ice              2
   c - Iskenderun's Mystic Blast      Conjuration                  4
   d - Iron Shot                      Conjuration/Earth            6
   e - Delayed Fireball               Conjuration/Fire             7
 X - Xom's Handbook of Perfectionism
   (Xom gifted it to you on level 10 of the Dungeon)

   Spells                             Type                      Level
   a - Freeze                         Ice                          1
   b - Throw Frost                    Conjuration/Ice              2
   c - Ensorcelled Hibernation        Hexes/Ice                    2
   d - Throw Icicle                   Conjuration/Ice              4
   e - Bolt of Cold                   Conjuration/Ice              6
Miscellaneous
 W - a plain deck of summoning
Comestibles
 c - 13 bread rations
 g - 7 fruits
 m - a royal jelly
 s - 3 beef jerkies
 v - 3 meat rations
 D - 3 slices of pizza


   Skills:
 + Level 4.2(3.3) Fighting
 + Level 9.4(8.3) Dodging
 + Level 9.5(8.4) Unarmed Combat
 + Level 3.8(2.8) Spellcasting
 + Level 7.4(6.4) Transmutations
 + Level 5.8(4.8) Poison Magic


You had 5 spell levels left.
You knew the following spells:

 Your Spells              Type           Power        Failure   Level  Hunger
a - Beastly Appendage     Trmt           ###...       6%          1    #......
b - Sticks to Snakes      Trmt           ###.....     8%          2    ##.....
c - Spider Form           Trmt/Pois      ###.......   21%         3    ###....
d - Blade Hands           Trmt           ###.......   61%         5    ######.


Dungeon Overview and Level Annotations

Branches:
Dungeon (10/15)            Temple (1/1) D:4            Lair (0/8) D:8
    Orc (0/2) D:10

Altars:
Ashenzari
Cheibriados
Dithmenos
Elyvilon
Fedhas
Gozag
Kikubaaqudgha
Makhleb
Nemelex Xobeh
Okawaru
Pakellas
Qazlal
Ru
Sif Muna
Trog
Vehumet
Xom
Yredelemnul
Zin
The Shining One


Innate Abilities, Weirdness & Mutations

((You can breathe blasts of noxious fumes.))
((Your lurid green scales are hard (AC +7).))
Your body does not fit into most forms of armour.
((Your system is resistant to poisons.))
((You are cold-blooded and may be slowed by cold attacks.))
((Your large and strong wings let you fly indefinitely.))
((You have a pair of horns on your head.))
You possess an exceptional clarity of mind.
((Your flesh is cold resistant.))
((Your flesh is heat resistant.))
You are resistant to hostile enchantments.
You are robust (+10% HP).


Message History

Confirm with . or Enter, or press ? or * to list all spells.
You turn into a venomous arachnid creature.
Your +1 hat melds into your body.
Something hits you!
* * * LOW HITPOINT WARNING * * *
You swing at nothing.
Something hits you!
* * * LOW HITPOINT WARNING * * *
You hit something. Something completely misses you.
You swing at nothing.
You closely miss something. Something closely misses you.
You swing at nothing.
You are feeling hungry.
You swing at nothing.
You swing at nothing.
Something misses you.
You swing at nothing.
Something barely misses you.
You swing at nothing.
Something hits you!
* * * LOW HITPOINT WARNING * * *
You swing at nothing.
Something misses you. Something barely misses you.
You swing at nothing.
Something hits you!
You die... "I guess I need a new plaything now."

#.#...........# ##.# .
#...........# #..#
#...........# #.##
#...........# #.#
######.###### ##.# ..
#..# #.##
##+###################.#
.......?.....s.........#
............############
............#
............#
............#
#############


There were no monsters in sight!

Vanquished Creatures
  A cyclops (D:8)
  A troll (D:9)
  A two-headed ogre (D:9)
  A spriggan (D:8)
  2 wyverns
  3 hippogriffs
  2 hungry ghosts
  Edmund (D:6)
  Duvessa (D:5)
  6 orc warriors
  2 ice beasts
  5 sky beasts
  3 phantoms
  A wasp (D:10)
  2 centaurs (D:7)
  4 ogres
  A crocodile (D:9)
  7 big kobolds
  5 giant frogs
  Dowan (D:5)
  4 scorpions
  The ghost of st0uf the Ruffian, a weakling DrTm of Xom (D:4)
  3 wights
  7 crimson imps
  A giant frog zombie (D:5)
  2 centaur zombies (D:6)
  A quasit (D:6)
  10 orc priests
  5 human zombies (D:9)
  5 hounds
  12 orc wizards
  3 iguanas
  2 human skeletons (D:9)
  9 worker ants
  An ogre zombie (D:9)
  A hound zombie (D:8)
  3 hound skeletons
  8 adders
  9 gnolls
  2 shadow imps
  An adder zombie (D:7)
  An ooze (D:2)
  2 adder skeletons
  2 worms
  6 giant geckos
  56 orcs
  8 bats
  2 giant cockroaches
  6 goblins
  10 hobgoblins
  9 jackals
  5 quokkas
  A ball python (D:1)
  4 giant newts
  32 kobolds
  A quokka skeleton (D:7)
  A quokka zombie (D:8)
  6 rats
292 creatures vanquished.

Vanquished Creatures (collateral kills)
  A wraith (D:9)
  2 phantoms (D:4)
  2 wights (D:8)
  A mummy (D:9)
  A giant gecko skeleton (D:6)
7 creatures vanquished.

Vanquished Creatures (others)
  7 fungi (D:8)
  4 plants (D:8)
11 creatures vanquished.

Grand Total: 310 creatures vanquished

Notes
Turn   | Place    | Note
--------------------------------------------------------------
     0 | D:1      | st0uf the Draconian Transmuter began the quest for the Orb.
     0 | D:1      | Reached XP level 1. HP: 16/16 MP: 3/3
   202 | D:1      | Reached XP level 2. HP: 23/23 MP: 3/5
  1372 | D:2      | Reached XP level 3. HP: 28/28 MP: 4/6
  1665 | D:3      | Found a sparkling altar of Nemelex Xobeh.
  1679 | D:3      | Found a sacrificial altar of Ru.
  1684 | D:3      | Found an opulent altar of Gozag.
  1983 | D:3      | Reached XP level 4. HP: 35/35 MP: 5/7
  2759 | D:4      | Noticed st0uf's ghost (weakling DrTm)
  3002 | D:4      | Noticed a giant frog
  3089 | D:5      | Entered Level 5 of the Dungeon
  3101 | D:4      | Learned a level 2 spell: Sticks to Snakes
  3105 | D:4      | Learned a level 3 spell: Spider Form
  3111 | D:5      | Reached skill level 4 in Unarmed Combat
  3111 | D:5      | Reached XP level 5. HP: 32/40 MP: 1/8
  3420 | D:5      | Noticed Dowan
  3425 | D:5      | Noticed Duvessa
  3433 | D:5      | Killed Duvessa
  3433 | D:5      | Reached XP level 6. HP: 34/47 MP: 6/9
  3437 | D:5      | Killed Dowan
  3549 | D:5      | Reached skill level 1 in Poison Magic
  3935 | D:5      | Noticed a sky beast
  3957 | D:5      | Killed a sky beast
  3957 | D:5      | Reached skill level 5 in Dodging
  3957 | D:5      | Reached XP level 7. HP: 42/52 MP: 7/10
  3957 | D:5      | Your scales start taking on a lurid green colour.
  3957 | D:5      | Gained mutation: Your system is resistant to poisons. [Green Draconian growth]
  4352 | D:6      | Reached skill level 5 in Unarmed Combat
  4815 | D:6      | Reached XP level 8. HP: 57/59 MP: 7/11
  4820 | D:6      | Reached skill level 5 in Transmutations
  4827 | D:6      | Reached skill level 6 in Dodging
  5011 | D:6      | Noticed Edmund
  5038 | D:6      | Killed Edmund
  5828 | D:7      | Reached skill level 7 in Dodging
  5848 | D:7      | Reached XP level 9. HP: 58/64 MP: 10/12
  6596 | D:7      | Found a blossoming altar of Fedhas.
  6601 | D:7      | Found a shadowy altar of Dithmenos.
  6610 | D:7      | Found a glowing silver altar of Zin.
  6615 | D:7      | Found a snail-covered altar of Cheibriados.
  6620 | D:7      | Found a stormy altar of Qazlal.
  6626 | D:7      | Found an iron altar of Okawaru.
  6630 | D:7      | Found a glowing golden altar of the Shining One.
  7230 | D:5      | Reached skill level 8 in Dodging
  7465 | D:4      | Killed st0uf's ghost
  7729 | D:4      | Found a staircase to the Ecumenical Temple.
  7735 | Temple   | Entered the Ecumenical Temple
  7749 | Temple   | Became a worshipper of Xom of Chaos
  7809 | D:4      | XOM: potion effect (berserk rage)
  8096 | D:6      | XOM: harmless Divn miscast
  8101 | D:6      | XOM: harmless Divn miscast
  8228 | D:8      | XOM: vitrification
  8240 | D:8      | XOM: confusion (+ monsters)
  8262 | D:8      | XOM: summons 3 friendly demons
  8335 | D:8      | Learned a level 5 spell: Blade Hands
  8374 | D:8      | Reached XP level 10. HP: 46/73 MP: 10/13
  8399 | D:8      | Noticed a cyclops
  8418 | D:8      | XOM: silly message
  8434 | D:8      | XOM: divination: detect items
  8439 | D:8      | Reached skill level 5 in Poison Magic
  8441 | D:8      | XOM: enchant monster (bad)
  8472 | D:7      | XOM: enchant monster (bad)
  8658 | D:6      | XOM: summons 5 hostile shadow creatures
  8753 | D:8      | XOM: enchant monster (bad)
  8792 | D:8      | XOM: colour smoke trail
  8809 | D:8      | XOM: divination: magic mapping
  8820 | D:8      | Killed a cyclops
  9105 | D:8      | XOM: confusion
  9217 | D:8      | XOM: enchant monster (good)
  9301 | D:8      | XOM: confuse monster(s)
  9364 | D:8      | Found a staircase to the Lair.
  9398 | D:8      | XOM: vitrification
  9492 | D:9      | XOM: swap monsters
  9506 | D:9      | Found a basalt altar of Yredelemnul.
  9517 | D:9      | XOM: vitrification
  9522 | D:9      | XOM: summons 8 friendly demons
  9540 | D:9      | Reached skill level 9 in Unarmed Combat
  9759 | D:9      | Identified the Reference Book on Combat Magic
  9904 | D:9      | XOM: enchant monster (good)
  9985 | D:9      | XOM: vitrification
 10045 | D:9      | Found a shattered altar of Ashenzari.
 10174 | D:10     | Entered Level 10 of the Dungeon
 10294 | D:10     | XOM: give mutations
 10294 | D:10     | Gained mutation: You possess an exceptional clarity of mind. [Xom's grace]
 10294 | D:10     | Gained mutation: You are robust (+10% HP). [Xom's grace]
 10294 | D:10     | Gained mutation: You have a pair of small horns on your head. [Xom's grace]
 10302 | D:10     | XOM: give mutations
 10302 | D:10     | Gained mutation: Your flesh is heat resistant. [Xom's grace]
 10302 | D:10     | Gained mutation: You are resistant to hostile enchantments. [Xom's grace]
 10385 | D:10     | XOM: god gift: torn book {god gift}
 10388 | D:10     | Identified Xom's Handbook of Perfectionism (Xom gifted it to you on level 10 of the Dungeon)
 10569 | D:10     | XOM: give mutations
 10569 | D:10     | Gained mutation: Your flesh is cold resistant. [Xom's grace]
 10569 | D:10     | Gained mutation: You have a pair of horns on your head. [Xom's grace]
 10569 | D:10     | Gained mutation: Your large and strong wings let you fly indefinitely. [Xom's grace]
 10573 | D:10     | XOM: enchant monster (good)
 10588 | D:10     | XOM: draining
 10876 | D:10     | Found a staircase to the Orcish Mines.
 11045 | D:10     | HP: 4/86 [something (8)]
 11047 | D:10     | Slain by an unseen horror

Vault maps used:
D:1:      minmay_arrival_four_houses
D:2:      kennysheep_six_static_rooms
D:3:      minmay_overflow_temple_star_quad, kennysheep_potato
D:4:      minmay_temple_entry_enclosed_plants
D:5:      minmay_goblin_kobold_castle, first_bread, serial_glass,
          glass_columns_a, glass_columns_c, uniq_duvessa
D:6:      minmay_opposing_rooms, uniq_edmund
D:7:      grunt_temple_overflow_octagram
D:8:      dpeg_oklobed_lair, the_bakery
D:9:      lemuel_mausoleum_altar_yredelemnul, lemuel_round_altar
D:10:     erik_orc_3, fedhas_altar_decomposition
Temple:   temple_eino_lava_8

Action                   |  1- 3 |  4- 6 |  7- 9 | 10-12 || total
-------------------------+-------+-------+-------+-------++-------
Melee: Unarmed           |   162 |   136 |   500 |   394 ||  1192
 Cast: Beastly Appendage |    32 |     9 |    14 |       ||    55
       Spider Form       |       |     8 |    23 |    28 ||    59
       Sticks to Snakes  |       |       |    12 |       ||    12
       Blade Hands       |       |       |       |     1 ||     1
 Abil: Breathe Noxious F |       |       |    15 |     9 ||    24
       End Transformatio |       |       |     1 |     2 ||     3
  Use: Scroll            |       |       |     6 |       ||     6
 Stab: Sleeping          |     1 |       |       |     2 ||     3
       Confused          |       |       |    10 |     4 ||    14
       Distracted        |       |       |     1 |       ||     1
  Eat: Chunk             |     4 |     3 |    22 |    14 ||    43
       Meat ration       |       |     1 |       |       ||     1
       Fruit             |       |       |       |     2 ||     2
